 Dungeon Crawl Stone Soup version 0.27-a0-1200-g94dc6ad4cf (console) character file.

Game seed: 15834293445511856339

1781356 Hector the Impregnable (level 27, 228/228 HPs)
             Began as a Djinni Air Elementalist on May 31, 2021.
             Was the Champion of Ashenzari.
             Escaped with the Orb
             ... and 3 runes on June 13, 2021!
             The game lasted 11:03:02 (64778 turns).

Hector the Impregnable (Djinni Air Elementalist)   Turns: 64778, Time: 11:03:03

Health: 228/228    AC: 43    Str:  8    XL:     27
Gold:   4316       EV: 16    Int: 34    God:    Ashenzari [******] SH: 31 Dex: 14

rFire    + + .     SeeInvis +   a - +10 long sword {protect, rC+ rCorr SInv, Melee, Self} (curse)
rCold    + . .     Faith    .   i - +8 tower shield of the Cosmic Sage {Fort, Self} (curse)
rNeg     . . .     Spirit   .   d - +13 chain mail of Supernal Knowledge {rC+ Regen+ Str+3 Slay+3, Self, Cun} (curse)
rPois    ∞         Reflect  .   h - +2 helmet of the Shattered Comet {Int+3, Cun, Fort} (curse)
rElec    +         Harm     .   e - +2 cloak of Ashenzari's Free Will {Self, Cun} (curse)
rCorr    +         Rampage  .   g - +2 pair of gloves "Ensconced Repose" {archery, Self, Range} (curse)
Will     +++..     Clarity  +   (boots unavailable)
Stlth    +.........             J - amulet of Ashenzari's Planets {Acrobat Fly rElec Regen+ Int-5, Cun, Self} (curse)
HPRegen  2.48/turn              I - ring of Ashenzari's Bitterness {Int+6, Melee, Self} (curse)
MPRegen  0.00/turn              E - ring of Ashenzari's Sophism {EV+4, Cun, Range} (curse)

@: flying
A: sickness immunity, fire resistance 2, cold vulnerability 1, float, innate
caster, hp casting, extra vitality 1, strong-willed 1, screaming 1, weak 1
0: Orb of Zot
}: 3/15 runes: decaying, serpentine, silver
a: Renounce Religion, Shatter the Chains


You escaped.
You worshipped Ashenzari.
Ashenzari was exalted by your worship.
You visited 10 branches of the dungeon, and saw 50 of its levels.
You visited the Abyss 1 time.
You visited 2 bazaars.
You also visited: Gauntlet.

You collected 8267 gold pieces.
You spent 3951 gold pieces at shops.

Inventory:

Hand Weapons
 a - the cursed +10 long sword "Share My Water Diviner" (weapon) {protect, rC+ rCorr SInv, Melee, Self}
   (You found it on level 4 of the Lair of Beasts)

   It grants its wielder temporary protection when it strikes (+7 to AC).
   It protects you from cold.
   It lets you see invisible.
   It protects you from acid and corrosion.
   It has a curse which improves the following skills: Melee Combat: Short
   Blades, Long Blades, Axes, Maces & Flails, Polearms, Staves and Unarmed
   Combat.
   Introspection: Fighting and Spellcasting.
 u - the +9 hunting sling of Compound Interest {flame, rF+ Int+6 Dex+4}
   (You found it on level 2 of the Realm of Zot)

   It causes projectiles fired from it to burn those they strike, causing extra
   injury to most foes and up to half again as much damage against particularly
   susceptible opponents.
   It affects your intelligence (+6).
   It affects your dexterity (+4).
   It protects you from fire.
Missiles
 r - 8 atropa-tipped darts
 H - 35 boomerangs
 O - a throwing net
Armour
 d - the cursed +13 chain mail of Supernal Knowledge (worn) {rC+ Regen+ Str+3 Slay+3, Self, Cun}
   (You took it off a deep elf high priest on level 3 of the Elven Halls)

   It affects your strength (+3).
   It affects your accuracy and damage with ranged weapons and melee attacks
   (+3).
   It protects you from cold.
   It increases your rate of health regeneration.
   It has a curse which improves the following skills: Introspection: Fighting
   and Spellcasting.
   Cunning:   Dodging and Stealth.
 e - the cursed +2 cloak of Ashenzari's Free Will (worn) {Self, Cun}
   (You found it on level 9 of the Dungeon)

   It has a curse which improves the following skills: Introspection: Fighting
   and Spellcasting.
   Cunning:   Dodging and Stealth.
 g - the cursed +2 pair of gloves "Ensconced Repose" (worn) {archery, Self, Range}
   (You found it in a Gauntlet)

   It has a curse which improves the following skills: Introspection: Fighting
   and Spellcasting.
   Ranged Combat: Slings, Bows, Crossbows and Throwing.
 h - the cursed +2 helmet of the Shattered Comet (worn) {Int+3, Cun, Fort}
   (You found it on level 13 of the Dungeon)

   It has a curse which improves the following skills: Cunning: Dodging and
   Stealth.
   Fortitude: Armour and Shields.
 i - the cursed +8 tower shield of the Cosmic Sage (worn) {Fort, Self}
   (You took it off a draconian knight on level 5 of the Depths)

   It has a curse which improves the following skills: Fortitude: Armour and
   Shields.
   Introspection: Fighting and Spellcasting.
 F - a scarf of repulsion
Jewellery
 t - a ring of positive energy
 y - a ring of wizardry
 C - a ring "Fyfap Nahocs" {Fly rElec Will+ Int+4 Dex-3}
   (You bought it in a shop in a bazaar)

   [ring of willpower]

   It affects your intelligence (+4).
   It affects your dexterity (-3).
   It insulates you from electricity.
   It grants you flight.
   It increases your willpower.
 E - the cursed ring of Ashenzari's Sophism (right hand) {EV+4, Cun, Range}
   (You found it on level 1 of the Lair of Beasts)

   [ring of evasion]

   It affects your evasion (+4).
   It has a curse which improves the following skills: Cunning: Dodging and
   Stealth.
   Ranged Combat: Slings, Bows, Crossbows and Throwing.
 I - the cursed ring of Ashenzari's Bitterness (left hand) {Int+6, Melee, Self}
   (You found it on level 6 of the Dungeon)

   [ring of intelligence]

   It affects your intelligence (+6).
   It has a curse which improves the following skills: Melee Combat: Short
   Blades, Long Blades, Axes, Maces & Flails, Polearms, Staves and Unarmed
   Combat.
   Introspection: Fighting and Spellcasting.
 J - the cursed amulet of Ashenzari's Planets (around neck) {Acrobat Fly rElec Regen+ Int-5, Cun, Self}
   (You took it off a deep elf annihilator on level 3 of the Elven Halls)

   [amulet of the acrobat]

   It increases your evasion while moving and waiting.
   It affects your intelligence (-5).
   It insulates you from electricity.
   It grants you flight.
   It increases your rate of health regeneration.
   It has a curse which improves the following skills: Cunning: Dodging and
   Stealth.
   Introspection: Fighting and Spellcasting.
Wands
 l - a wand of iceblast (37)
 D - a wand of digging (20)
 Q - a wand of acid (61)
 U - a wand of mindburst (37)
Scrolls
 c - 6 scrolls of fog
 f - 2 scrolls of noise
 m - 4 scrolls of magic mapping
 n - 7 scrolls of holy word
 p - 35 scrolls of teleportation
 q - a scroll of enchant weapon
 s - 4 scrolls of summoning
 x - 4 scrolls of fear
 K - a scroll of silence
 N - 11 scrolls of blinking
 S - a scroll of brand weapon
Potions
 b - 8 potions of mutation
 j - 9 potions of might
 k - a potion of cancellation
 o - 22 potions of curing
 v - a potion of invisibility
 w - 26 potions of heal wounds
 z - 11 potions of ambrosia
 B - 7 potions of haste
 G - 5 potions of resistance
 M - 8 potions of brilliance
 T - 9 potions of berserk rage
Miscellaneous
 A - a box of beasts
 L - a phantom mirror


   Skills:
 - Level 19.8(27) Fighting
 + Level 15.4(19.3) Long Blades
 - Level 24.1(27) Armour
 - Level 15.3(22.7) Dodging
 - Level 4.2(11.4) Stealth
 - Level 22.1(25.5) Shields
 - Level 20.6(27) Spellcasting


You couldn't memorise any spells.
You knew the following spells:

 Your Spells              Type           Power      Damage    Failure   Level
a - Shock                 Conj/Air       100%       1d9       0%          1
b - Animate Armour        Summ/Erth      100%       N/A       0%          4
c - Conjure Ball Lightni  Conj/Air       62%        3x3d22    0%          6
d - Static Discharge      Conj/Air       100%       N/A       0%          2
e - Infestation           Necr           62%        N/A       1%          8
f - Freeze                Ice            100%       1d11      0%          1
g - Corpse Rot            Necr/Air       N/A        N/A       0%          2
h - Call Canine Familiar  Summ           100%       N/A       0%          3
i - Iron Shot             Conj/Erth      62%        9d12      0%          6
l - Lightning Bolt        Conj/Air       62%        1d85      0%          5
m - Bolt of Magma         Conj/Fire/Erth 62%        4d24      0%          5
s - Swiftness             Air            100%       N/A       0%          3
v - Borgnjor's Vile Clut  Necr/Erth      62%        N/A       0%          5
z - Airstrike             Air            62%        N/A       0%          4
D - Discord               Hex            62%        N/A       1%          8
H - Summon Hydra          Summ           62%        N/A       1%          7
I - Invisibility          Hex            100%       N/A       0%          6
T - Tornado               Air            62%        N/A       6%          9
Your spell library was empty.

Dungeon Overview and Level Annotations

Branches:
Dungeon (15/15)            Temple (1/1) D:6            Lair (6/6) D:8
  Swamp (4/4) Lair:2        Snake (4/4) Lair:2        Slime (0/5) Lair:6
    Orc (2/2) D:12            Elf (3/3) Orc:2        Vaults (5/5) D:14
  Crypt (0/3) Vaults:3     Depths (5/5) D:15            Zot (5/5) Depths:5
Gauntlet (visited)

Altars:
Ashenzari
Cheibriados
Dithmenos
Elyvilon
Fedhas
Gozag
Hepliaklqana
Kikubaaqudgha
Makhleb
Nemelex Xobeh
Okawaru
Qazlal
Ru
Sif Muna
Trog
Uskayaw
Vehumet
Wu Jian
Xom
Yredelemnul
Zin
The Shining One
Beogh

Shops:
D:5 !   D:10 =   D:12 [*![:   Orc:2 ==*:   Elf:3 *   Snake:4 (   Vaults:2 :
Vaults:4 !

Portals:
Hell: Depths:1 Depths:2 Depths:3 Depths:4 Depths:5
Abyss: D:6 Depths:3 Depths:4
Pandemonium: Depths:2 Depths:3 Depths:4
Ziggurat: Depths:1

Annotations:
Depths:5 6 runed translucent doors
Zot:1 1 runed translucent door, Adaxemni's ghost, legendary GrFi
Zot:3 2 transporters, Tenozav's ghost, legendary MiFi; Ufemuhich's ghost, legendary MiBe
Zot:4 2 transporters, Ufemuhich's ghost, legendary MiBe


Innate Abilities, Weirdness & Mutations

You are immune to sickness and miasma.
You are immune to poison.
Your flesh is very heat resistant. (rF++)
You are vulnerable to cold. (rC-)
You float through the air rather than walking.
You learn spells naturally, not from books.
Your magical power is your life essence.
You have superior vitality. (+4 HP)
You are strong-willed. (Will+)
You occasionally shout uncontrollably at your foes.
You are weak. (Str -2)


Message History

There is a stone staircase leading up here.
You fly upwards.
There is a stone staircase leading down here.
There is a stone staircase leading up here.
You fly upwards.
There is a stone staircase leading down here.
A Brimstone Fiend comes into view.
A soul eater and a gelid demonspawn come into view.
The gelid demonspawn is wielding a +1 demon blade of venom.
You yell at the soul eater!
The gelid demonspawn shouts!
There is a stone staircase leading up here.
The Brimstone Fiend gestures at you.
The sphere of damnation explodes!
The damnation engulfs you!!!
The soul eater draws from the surrounding life force!
You fly upwards.
There is a stone staircase leading down here.
Unknown command.
(D) Dungeon (T) Temple (L) Lair (S) Swamp (P) Snake Pit (M) Slime Pits (O) Orcish Mines (E) Elven Halls (V) Vaults (C) Crypt (U) Depths (H) Hell (Z) Zot
Where to? (* - list waypoints, Enter - D:1, ? - help)
There is an escape hatch in the ceiling here.
A mysterious force pulls you upwards. The hatch slams shut behind you.
HP restored.
There is a stone staircase leading up here.
You fly upwards.
There is a stone staircase leading down here.
There is an escape hatch in the ceiling here.
A mysterious force pulls you upwards. The hatch slams shut behind you.
There is a stone staircase leading up here.
You fly upwards.
There is a stone staircase leading down here.
There is an open door here.
A toenail golem comes into view.
There is a staircase leading out of the dungeon here.
Enter note: Woot!
Unknown command.
You have escaped!

...÷...#..##..#
######.##....##
........#...##
#######>#...#
....#...#..8#########
..#.....#.....#######
#.####.####.....#####
........####....#####
..#.#########...@####
..#....######....####
..#.....###......####
#.####.........######
#.####.......########
#.####......######
#.####..##..#####
#.####..##..### ..#
#......#


You could see a toenail golem.

Vanquished Creatures
  A dread lich (Zot:5)
  2 ancient liches (Zot:5)
  A pandemonium lord (Zot:5)
  6 orbs of fire (Zot:5)
  Mara (Vaults:3)
  Sojobo (Vaults:3)
  7 Killer Klowns
  Saint Roka (Elf:3)
  12 golden dragons
  Nikola (Snake:2)
  The ghost of Odwax the Hoplite, an adept MiFi of Okawaru (Swamp:2)
  Jory (Vaults:3)
  A bone dragon (Vaults:3)
  An Ice Fiend (Depths:1)
  25 Orb Guardians
  4 electric golems
  19 tentacled monstrosities
  4 liches
  2 deep elf blademasters
  3 titans
  2 deep elf master archers (Elf:3)
  6 quicksilver dragons
  Asterion (Elf:1)
  2 sphinxes
  9 death cobs
  An Executioner (D:12)
  Frances (D:14)
  Kirke (Lair:6)
  6 tengu reavers
  A thorn hunter (Swamp:2)
  A draconian monk (Zot:3)
  16 storm dragons
  3 shadow dragons
  Agnes (D:15)
  Donald (Vaults:3)
  11 nagarajas
  10 fire giants
  4 frost giants
  An iron dragon (Depths:2)
  2 orc warlords
  9 deep elf sorcerers
  3 draconian shifters
  2 ghost moths
  3 draconian scorchers
  3 draconian knights
  Aizul (Snake:2)
  10 vault wardens
  A ghoul (Swamp:3)
  A cacodemon (Depths:2)
  3 spriggan defenders
  5 draconian stormcallers
  4 draconian annihilators (Zot:5)
  3 deep elf elementalists
  A war gargoyle (Vaults:2)
  5 vampire knights
  15 ironbound preservers
  A reaper (Depths:3)
  6 deep elf demonologists
  16 very ugly things
  16 stone giants
  4 dire elephants (Vaults:1)
  9 yellow draconians
  11 green draconians
  12 black draconians
  9 red draconians
  2 bunyips
  A minotaur (Gauntlet)
  5 purple draconians
  3 white draconians
  A lorocyproca (Abyss:3)
  11 deep elf annihilators
  The ghost of philipeq the Fighter, a journeyman DsFi of Makhleb (Lair:2)
  3 jiangshi
  4 spark wasps
  6 eleionomae
  3 deep elf death magi (Elf:3)
  Snorg (D:14)
  A green death (Zot:5)
  6 fire dragons
  8 yaktaur captains
  The ghost of boracarina the Severer, a journeyman DDFi of Makhleb (D:10)
  A crystal guardian (Vaults:2)
  8 deep elf high priests
  22 naga warriors
  16 ettins
  6 ice dragons
  19 hydras
  4 vault guards
  7 great orbs of eyes
  2 peacekeepers
  2 ogre magi
  9 anacondas
  3 ghost crabs
  3 rakshasas
  6 boulder beetles
  A catoblepas (D:15)
  3 ironbound thunderhulks
  2 spriggan air magi
  11 centaur warriors
  A two-headed ogre (shapeshifter) (Depths:5)
  3 salamander tyrants (Snake:4)
  Erica (D:8)
  A death knight (D:12)
  10 ironbound frosthearts
  28 dancing weapons
  4 tengu warriors
  2 deep troll earth magi (Depths:4)
  14 alligators
  11 death yaks
  6 two-headed ogres
  8 orc high priests
  11 naga sharpshooters
  A deep troll shaman (Depths:4)
  4 spriggan berserkers
  Urug (Orc:2)
  5 ironbound beastmasters (Vaults:1)
  Sonja (Lair:6)
  3 vampire magi
  A shock serpent (shapeshifter) (Vaults:5)
  13 hell knights
  A sun demon (Depths:2)
  21 deep elf knights
  9 shock serpents
  2 iron trolls (Depths:4)
  Nergalle (D:11)
  A fire crab (Swamp:4)
  7 skeletal warriors
  A sixfirhy (D:13)
  3 salamander mystics
  8 swamp dragons
  A flayed ghost (Depths:3)
  50 deep trolls
  2 goliath frogs
  A sea snake (shapeshifter) (Vaults:5)
  2 spriggan druids
  A shadow dragon zombie (Depths:2)
  5 naga ritualists
  A glowing orange brain (Depths:3)
  An infernal demonspawn (D:10)
  11 wizards
  6 bog bodies
  13 deep elf archers
  17 ironbound convokers
  5 lindwurms
  4 phantasmal warriors
  37 deep elf zephyrmancers
  13 orc knights
  29 deep elf pyromancers
  7 will-o-the-wisps
  8 mana vipers
  9 necromancers
  3 manticores
  2 manticores (shapeshifter)
  2 orc sorcerers (Orc:2)
  3 cyclopes
  2 fire giant zombies
  The ghost of Welwordion the Sneak, a novice OpDe of Elyvilon (D:6)
  44 ugly things
  A stone giant skeleton (Vaults:1)
  A frost giant zombie (Vaults:1)
  An oklob plant (Lair:6)
  13 salamanders
  A toenail golem (D:6)
  27 moths of wrath
  An apocalypse crab (Gauntlet)
  12 elephants
  15 guardian serpents
  15 vault sentinels
  A frost giant skeleton (Depths:1)
  19 naga magi
  Joseph (D:8)
  43 black mambas
  A smoke demon (Depths:2)
  26 cane toads
  2 orange demons
  An unseen horror (D:11)
  7 komodo dragons
  An efreet (D:13)
  3 rime drakes
  3 kobold demonologists (D:11)
  A red devil (D:9)
  2 freezing wraiths
  12 yaktaurs
  An ancient zyme (D:6)
  3 tengu conjurers
  2 ice devils (Lair:1)
  A bloated husk (Swamp:2)
  A queen bee (Lair:1)
  4 polar bears
  6 trolls
  8 hornets
  8 tyrant leeches
  A harpy skeleton (D:14)
  25 slime creatures
  29 blink frogs
  A tengu simulacrum (Vaults:1)
  A hornet (shapeshifter) (D:14)
  Prince Ribbit (D:8)
  A blink frog (shapeshifter) (Elf:3)
  A fire giant simulacrum (Vaults:1)
  4 wyverns
  An ice dragon skeleton (Depths:1)
  A redback (Vaults:3)
  32 yaks
  6 spriggans
  4 water elementals
  4 air elementals
  3 fire elementals
  5 basilisks
  A ynoxinul (Zot:5)
  2 shadows
  2 large abominations (Gauntlet)
  8 steam dragons
  The ghost of losten the Cutter, an amateur DsGl (D:3)
  20 vampire mosquitoes
  3 chaos spawn
  A spriggan simulacrum (Depths:1)
  3 wargs
  13 swamp worms
  74 nagas
  2 acid dragons
  11 water moccasins
  A floating eye (Depths:1)
  3 ice beasts
  7 swamp drakes (Swamp:4)
  32 orc warriors
  A black bear (shapeshifter) (D:15)
  A hornet zombie (D:5)
  2 sky beasts
  2 black bears
  4 necrophages
  9 ogres
  11 wolves (Lair:3)
  3 boggarts (Vaults:1)
  12 centaurs
  6 small abominations
  A kobold brigand (D:8)
  18 bullfrogs
  11 earth elementals
  3 gnoll sergeants (D:6)
  2 scorpions
  21 killer bees
  13 wights
  2 howler monkeys
  7 electric eels
  A lava snake (Swamp:4)
  11 jellies
  3 centaur zombies
  4 hounds
  33 orc priests
  Crazy Yiuf (D:3)
  5 centaur skeletons
  An iron imp (D:6)
  A gnoll shaman (D:5)
  2 iguanas
  A scorpion zombie (D:5)
  18 orc wizards
  A hound zombie (D:5)
  A hound skeleton (D:4)
  3 howler monkey zombies
  15 gnolls
  11 adders
  5 river rats (D:6)
  2 shadow imps
  2 white imps (D:6)
  An ufetubus (D:6)
  An adder zombie (D:5)
  3 worms
  4 dart slugs
  63 orcs
  8 ball pythons
  4 bats
  A bat zombie (D:4)
  10 endoplasms
  5 giant cockroaches
  9 goblins
  5 hobgoblins
  11 jackals
  12 quokkas
  3 frilled lizards
  14 kobolds
  20 rats
  2 rat zombies (D:4)
  A spectral orc (D:7)
1947 creatures vanquished.

Vanquished Creatures (collateral kills)
  An ancient lich (Vaults:5)
  Frederick (Vaults:5)
  2 curse toes
  Margery (Depths:3)
  4 golden dragons
  The ghost of Jihiargh the Severer, an adept HOFi of Qazlal (Vaults:4)
  A bone dragon (Zot:2)
  An electric golem (Zot:2)
  4 tentacled monstrosities
  A titan (Vaults:5)
  2 liches
  A sphinx (Vaults:5)
  3 shadow dragons
  A draconian monk (Zot:3)
  A storm dragon (Zot:1)
  3 draconian scorchers
  5 fire giants
  An orc warlord (Vaults:4)
  3 frost giants
  4 vault wardens
  2 iron dragons
  A deep elf sorcerer (Vaults:5)
  3 draconian stormcallers
  A draconian annihilator (Zot:4)
  3 ironbound preservers
  10 very ugly things
  2 spriggan defenders (Depths:2)
  11 stone giants
  A vampire knight (Depths:1)
  9 black draconians
  5 white draconians
  2 spark wasps
  4 green draconians
  4 purple draconians
  4 yellow draconians
  7 red draconians
  An entropy weaver (Vaults:3)
  6 ettins
  An ettin (shapeshifter) (Vaults:5)
  7 fire dragons
  2 jiangshi (Depths:1)
  4 great orbs of eyes
  A deep elf high priest (Vaults:5)
  2 rakshasas
  4 yaktaur captains
  2 hydras
  6 ice dragons
  Harold (D:8)
  A boulder beetle (D:12)
  21 vault guards (Vaults:5)
  A spriggan air mage (Depths:5)
  A ghost crab (Swamp:4)
  2 centaur warriors (Vaults:3)
  2 deep troll shamans (Depths:4)
  A death yak (Lair:4)
  A tengu warrior (Depths:4)
  A deep troll earth mage (Depths:2)
  2 vampire magi (Depths:2)
  6 hell knights
  A naga sharpshooter (Snake:4)
  2 spriggan berserkers
  An iron troll (Depths:1)
  A salamander mystic (Depths:3)
  A skeletal warrior (D:11)
  2 spriggan druids (Depths:2)
  A glowing orange brain (shapeshifter) (Depths:3)
  9 deep trolls
  An ironbound convoker (Vaults:3)
  2 phantasmal warriors
  A wizard (Vaults:3)
  An orc knight (Vaults:4)
  A mana viper (Snake:1)
  15 ugly things
  3 salamanders (Depths:3)
  A moth of wrath (Zot:5)
  A centaur zombie (D:11)
  A black mamba (Lair:5)
  A naga mage (Snake:4)
  2 elephants (Lair:6)
  A smoke demon (Depths:3)
  2 vault sentinels
  3 guardian serpents (Snake:4)
  4 cane toads
  20 yaktaurs
  A freezing wraith (D:12)
  A tengu conjurer (Depths:1)
  A spriggan skeleton (Depths:2)
  A tyrant leech (Lair:6)
  8 hornets
  3 slime creatures (D:13)
  A polar bear (Lair:5)
  A slime creature (shapeshifter) (Vaults:5)
  3 blink frogs
  An ettin zombie (Depths:2)
  A fire giant simulacrum (Depths:2)
  A redback (Vaults:3)
  10 spriggans
  2 yaks
  A wraith (D:12)
  An elf zombie (Depths:2)
  3 vampire mosquitoes
  A basilisk (D:15)
  A naga (Snake:4)
  5 orc warriors
  An ogre (Orc:2)
  2 bullfrogs (Lair:6)
  2 killer bees (Lair:1)
  An orc priest (Orc:1)
  3 jellies (Lair:6)
  An orc wizard (Orc:2)
  5 orcs
326 creatures vanquished.

Vanquished Creatures (others)
  2 golden dragons (Zot:5)
  3 Orb Guardians (Zot:5)
  3 draconian monks
  A frost giant (Depths:1)
  An orc warlord (Vaults:4)
  2 draconian shifters (Zot:5)
  A green draconian (Zot:5)
  2 yellow draconians
  5 red draconians
  A white draconian (Zot:2)
  A spark wasp (Depths:1)
  2 fire dragons
  2 yaktaur captains
  A great orb of eyes (Depths:4)
  4 vault guards (Vaults:5)
  A naga warrior (Snake:2)
  An anaconda (Snake:2)
  A deep troll earth mage (Depths:1)
  A deep troll (Vaults:2)
  A spriggan druid (Depths:2)
  A deep elf archer (Elf:2)
  An orc knight (Vaults:4)
  2 necromancers
  An ugly thing (Depths:1)
  A black mamba (Snake:2)
  A naga mage (Snake:2)
  2 yaktaurs
  A hornet (Depths:2)
  A spriggan (Depths:2)
  A ynoxinul (Depths:2)
  3 humans (Lair:6)
  A naga (Snake:2)
  An orc (Vaults:4)
  55 ball lightnings
  32 foxfires
  40 fungi
  126 plants
306 creatures vanquished.

Grand Total: 2579 creatures vanquished

Notes
Turn   | Place    | Note
-------+----------+-------------------------------------------
     0 | D:1      | Hector the Djinni Air Elementalist began the quest for the
                  | Orb.
     0 | D:1      | Reached XP level 1. HP: 15/15 MP: 0/0
   251 | D:1      | Reached XP level 2. HP: 18/22 MP: 0/0
   797 | D:1      | Reached XP level 3. HP: 21/26 MP: 0/0
   797 | D:1      | Learned a level 1 spell: Freeze
  1476 | D:1      | Reached skill level 1 in Fighting
  2231 | D:1      | Reached XP level 4. HP: 16/32 MP: 0/0
  3259 | D:2      | Reached skill level 1 in Shields
  3743 | D:3      | Found a runed translucent door.
  3744 | D:3      | Noticed losten's ghost (amateur DsGl)
  3835 | D:3      | Reached XP level 5. HP: 35/37 MP: 0/0
  3835 | D:3      | Learned a level 2 spell: Corpse Rot
  4281 | D:3      | Found a faded altar of an unknown god.
  4337 | D:3      | Found a runed translucent door.
  4418 | D:3      | Reached XP level 6. HP: 38/43 MP: 0/0
  4651 | D:3      | Found a runed translucent door.
  4652 | D:3      | Noticed Crazy Yiuf
  5700 | D:4      | Found the brooch of Shielding {Spirit SH+8}
  5874 | D:4      | Identified the +7 spear "Omor" {drain, rCorr Int+3 Dex-4}
  5912 | D:4      | Reached XP level 7. HP: 45/49 MP: 0/0
  5912 | D:4      | Learned a level 3 spell: Call Canine Familiar
  6093 | D:5      | Entered Level 5 of the Dungeon
  6162 | D:5      | Found Vuolyfuw's Distillery.
  6553 | D:5      | Reached skill level 5 in Spellcasting
  6637 | D:5      | Identified the +4 spear "Teduse" {vamp, +Rage rPois rC-
                  | Int+6 Dex-3}
  6817 | D:5      | Noticed a water moccasin
  6833 | D:5      | Killed a water moccasin
  7015 | D:5      | Reached XP level 8. HP: 53/56 MP: 0/0
  7085 | D:5      | Noticed a wyvern
  7088 | D:5      | Killed a wyvern
  7571 | D:5      | Bought a potion of heal wounds for 50 gold pieces
  7571 | D:5      | Bought a potion of haste for 100 gold pieces
  8097 | D:6      | Reached XP level 9. HP: 58/62 MP: 0/0
  8097 | D:6      | Learned a level 4 spell: Animate Armour
  8308 | D:6      | Found a transporter.
  8312 | D:6      | Noticed a toenail golem
  8315 | D:6      | Noticed an ancient zyme
  8359 | D:6      | Found a staircase to the Ecumenical Temple.
  8370 | Temple   | Entered the Ecumenical Temple
  8939 | D:6      | Noticed Welwordion's ghost (novice OpDe)
  8944 | D:6      | Found a transporter.
  9625 | D:6      | Reached skill level 5 in Fighting
 10597 | D:7      | Found a shimmering altar of Xom.
 10636 | D:7      | Reached XP level 10. HP: 52/70 MP: 0/0
 11025 | D:7      | Found a basalt altar of Yredelemnul.
 11757 | D:8      | Noticed Prince Ribbit
 11760 | D:8      | Killed Prince Ribbit
 11986 | D:8      | Noticed Erica
 11988 | D:8      | Noticed Harold
 11990 | D:8      | Killed Erica
 11991 | D:8      | Reached skill level 5 in Dodging
 12023 | D:8      | Killed Harold
 12497 | D:8      | Found a staircase to the Lair.
 12502 | D:8      | Identified the +7 hunting sling of Duty {freeze, rCorr
                  | Int+2}
 12677 | D:8      | Reached skill level 10 in Spellcasting
 12879 | D:8      | Found an ornate altar of the Wu Jian Council.
 12940 | D:8      | Noticed Joseph
 12945 | D:8      | Killed Joseph
 12946 | D:8      | Reached XP level 11. HP: 20/78 MP: 0/0
 12946 | D:8      | Learned a level 5 spell: Bolt of Magma
 13547 | D:9      | Identified the +5 spear of Bagh {flame, Stlth+}
 13753 | D:9      | Found a broken altar of Ashenzari.
 13761 | D:9      | Became a worshipper of Ashenzari the Shackled
 13761 | D:9      | Identified a scroll of acquirement
 14389 | D:9      | Identified the +0 leather armour of Insatiable Hunger
                  | {Int+3 SInv}
 14817 | D:8      | Acquired a manual of Shields
 14840 | Lair:1   | Entered Level 1 of the Lair of Beasts
 14841 | Lair:1   | Noticed an eight-headed hydra
 15006 | Lair:1   | Killed an eight-headed hydra
 15063 | Lair:1   | Reached skill level 5 in Shields
 15985 | Lair:1   | Reached * piety under Ashenzari
 16151 | Lair:1   | Reached XP level 12. HP: 51/88 MP: 0/0
 16918 | Lair:1   | Reached ** piety under Ashenzari
 16996 | Lair:2   | Found a gate leading to a gauntlet.
 17002 | Gauntlet | Entered a Gauntlet
 17002 | Gauntlet | Found a large runed translucent door.
 17002 | Gauntlet | Found a large runed translucent door.
 17002 | Gauntlet | Found a large runed translucent door.
 17002 | Gauntlet | Found a large runed translucent door.
 17002 | Gauntlet | Found a large runed translucent door.
 17002 | Gauntlet | Found a large runed translucent door.
 17002 | Gauntlet | Found a runed translucent door.
 17002 | Gauntlet | Found a transporter.
 17002 | Gauntlet | Found a runed translucent door.
 17002 | Gauntlet | Found a large runed translucent door.
 17002 | Gauntlet | Found a large runed translucent door.
 17002 | Gauntlet | Found a large runed translucent door.
 17002 | Gauntlet | Found a large runed translucent door.
 17002 | Gauntlet | Found a large runed translucent door.
 17002 | Gauntlet | Found a large runed translucent door.
 17003 | Gauntlet | Found a large runed translucent door.
 17003 | Gauntlet | Found a large runed translucent door.
 17003 | Gauntlet | Found a large runed translucent door.
 17003 | Gauntlet | Found a large runed translucent door.
 17011 | Gauntlet | Found a runed translucent gate.
 17011 | Gauntlet | Found a runed translucent gate.
 17011 | Gauntlet | Found a transporter.
 17011 | Gauntlet | Found a runed translucent gate.
 17012 | Gauntlet | Found a transporter.
 17012 | Gauntlet | Noticed a catoblepas
 17013 | Gauntlet | Identified the +0 hat of Hedge Wizardry {+Inv rElec Will-
                  | Int+2}
 17013 | Gauntlet | Found a transporter.
 17014 | Gauntlet | Identified the +1 helmet of Durable Happiness {rPois rF+
                  | rC- Will+ Str+2}
 17016 | Gauntlet | Found a transporter.
 17017 | Gauntlet | Found a transporter.
 17021 | Gauntlet | Noticed a sixfirhy
 17023 | Gauntlet | Identified the ring "Lozotari" {Wiz +Blink rC- Int+4}
 17023 | Gauntlet | Noticed a sixfirhy
 17031 | Gauntlet | Identified the +1 pair of gloves of Good Intentions {Harm
                  | Drain rElec rF+ Str+4}
 17034 | Gauntlet | Found a transporter.
 17036 | Gauntlet | Identified the +0 chain mail of the Postmodern Ears {rF+
                  | rC+ Regen+}
 17059 | Gauntlet | Found a transporter.
 17059 | Gauntlet | Found a transporter.
 17059 | Gauntlet | Noticed a sixfirhy
 17060 | Gauntlet | Noticed a sixfirhy
 17062 | Gauntlet | Found a transporter.
 17079 | Gauntlet | Identified the ring "Luphu" {rC+ Str+2 Dex+2}
 17085 | Gauntlet | Noticed a fire crab
 17092 | Gauntlet | Found a transporter.
 17125 | Gauntlet | Found a transporter.
 17127 | Gauntlet | Noticed a sixfirhy
 17337 | Gauntlet | Noticed a minotaur
 17338 | Gauntlet | Identified the +3 barding of Xir Jopneicw {Slay+5}
 17338 | Gauntlet | Identified the Handbook of Translocation and Attacks
 17341 | Gauntlet | Killed a minotaur
 17675 | Lair:2   | Found a staircase to the Snake Pit.
 17755 | Lair:2   | Found a runed translucent door.
 17755 | Lair:2   | Noticed philipeq's ghost (journeyman DsFi)
 17817 | Lair:2   | Reached XP level 13. HP: 93/97 MP: 0/0
 17817 | Lair:2   | Learned a level 5 spell: Borgnjor's Vile Clutch
 17961 | Lair:2   | Found a staircase to the Swamp.
 19331 | Lair:4   | Identified the +10 long sword "Awamaeng" {protect, rC+
                  | rCorr SInv}
 19656 | Lair:4   | Reached XP level 14. HP: 97/105 MP: 0/0
 19922 | Lair:4   | Reached skill level 10 in Shields
 20082 | D:8      | Reached *** piety under Ashenzari
 20368 | Lair:4   | Reached skill level 1 in Armour
 20778 | Lair:5   | Reached skill level 2 in Armour
 20782 | Lair:5   | Reached skill level 3 in Armour
 20912 | Lair:5   | Reached skill level 4 in Armour
 21094 | Lair:5   | Reached skill level 5 in Armour
 21197 | Lair:5   | Reached **** piety under Ashenzari
 21323 | Lair:5   | Reached skill level 6 in Armour
 21454 | Lair:6   | Entered Level 6 of the Lair of Beasts
 21457 | Lair:6   | Noticed Sonja
 21461 | Lair:6   | Killed Sonja
 21462 | Lair:6   | Reached skill level 1 in Long Blades
 21765 | Lair:6   | Reached skill level 10 in Fighting
 21769 | Lair:6   | Reached XP level 15. HP: 96/121 MP: 0/0
 21769 | Lair:6   | Learned a level 6 spell: Invisibility
 21949 | Lair:6   | Found a staircase to the Slime Pits.
 21972 | Lair:6   | Noticed Kirke
 21985 | Lair:6   | Killed Kirke
 22089 | Lair:6   | Acquired a manual of Spellcasting
 22714 | Lair:2   | Killed philipeq's ghost
 22888 | D:10     | Entered Level 10 of the Dungeon
 22990 | D:10     | Found Xeluluh's Jewellery Emporium.
 23025 | D:10     | Found a bloodstained altar of Trog.
 23025 | D:10     | Found a glowing silver altar of Zin.
 23026 | D:10     | Found an iron altar of Okawaru.
 23255 | D:10     | Found a blossoming altar of Fedhas.
 23409 | D:10     | Reached ***** piety under Ashenzari
 23412 | D:10     | Found a shimmering altar of Xom.
 23412 | D:10     | Found a runed translucent door.
 23412 | D:10     | Noticed boracarina's ghost (journeyman DDFi)
 23597 | D:11     | Noticed Nergalle
 23599 | D:11     | Killed Nergalle
 23618 | D:11     | Reached skill level 15 in Spellcasting
 24430 | D:12     | Found a staircase to the Orcish Mines.
 24430 | D:12     | Found Myweriu's Book Shoppe.
 24430 | D:12     | Found Giepse's Armour Shoppe.
 24742 | D:12     | Found Qugunt's Distillery.
 24887 | D:12     | Found Pustriygh's Antique Armour Emporium.
 24917 | D:12     | Found Kephydgho's General Store.
 25179 | Orc:1    | Entered Level 1 of the Orcish Mines
 25557 | Orc:2    | Entered Level 2 of the Orcish Mines
 25558 | Orc:2    | Noticed Urug
 25562 | Orc:2    | Killed Urug
 25717 | Orc:2    | Found a staircase to the Elven Halls.
 25810 | Orc:2    | Reached skill level 7 in Armour
 25913 | Orc:2    | Reached XP level 16. HP: 128/134 MP: 0/0
 26059 | Orc:1    | Reached ****** piety under Ashenzari
 26536 | Orc:2    | Found Gipsol's Jewellery Boutique.
 26537 | Orc:2    | Found Sogiyk's General Store.
 26537 | Orc:2    | Found Effis's Jewellery Boutique.
 26538 | Orc:2    | Found Simoff's Book Boutique.
 27113 | D:13     | Found a flickering gateway to a bazaar.
 27129 | Bazaar   | Entered a bazaar
 27142 | Bazaar   | Found Nem Xom's Magic Scroll Shop.
 27156 | Bazaar   | Found Lyurr's Assorted Antiques.
 27156 | Bazaar   | Found Duazid's Antique Armour Shop.
 27175 | Bazaar   | Found Jomuvuph's Magic Scroll Shop.
 27217 | Bazaar   | Bought a scroll of blinking for 90 gold pieces
 27217 | Bazaar   | Bought a scroll of magic mapping for 42 gold pieces
 27217 | Bazaar   | Bought a scroll of magic mapping for 42 gold pieces
 27217 | Bazaar   | Bought a scroll of magic mapping for 42 gold pieces
 27217 | Bazaar   | Bought a scroll of teleportation for 36 gold pieces
 27229 | Bazaar   | Bought a scroll of teleportation for 27 gold pieces
 27229 | Bazaar   | Bought a scroll of teleportation for 27 gold pieces
 27229 | Bazaar   | Bought a scroll of fog for 18 gold pieces
 27229 | Bazaar   | Bought a scroll of teleportation for 27 gold pieces
 27313 | D:13     | Found a runed translucent door.
 27828 | D:13     | Reached skill level 5 in Long Blades
 28044 | D:14     | Found a gate to the Vaults.
 28159 | D:14     | Cast into level 3 of the Abyss (a wizard)
 28219 | D:14     | Escaped the Abyss
 28455 | D:14     | Noticed Snorg
 28463 | D:14     | Killed Snorg
 28942 | D:14     | Noticed Frances
 28949 | D:14     | Killed Frances
 29164 | D:15     | Entered Level 15 of the Dungeon
 29268 | D:15     | Reached XP level 17. HP: 130/139 MP: 0/0
 29268 | D:15     | Learned a level 6 spell: Conjure Ball Lightning
 29274 | D:15     | Noticed Agnes
 29335 | D:15     | Killed Agnes
 29398 | D:15     | Found a staircase to the Depths.
 30283 | D:3      | Killed losten's ghost
 30373 | D:3      | Killed Crazy Yiuf
 30507 | D:6      | Found a one-way gate to the infinite horrors of the Abyss.
 30514 | D:6      | Killed Welwordion's ghost
 30631 | D:10     | Killed boracarina's ghost
 30771 | Swamp:1  | Entered Level 1 of the Swamp
 31423 | Swamp:2  | Noticed Odwax's ghost (adept MiFi)
 31486 | Swamp:2  | Noticed a thorn hunter
 31492 | Swamp:2  | Killed a thorn hunter
 31493 | Swamp:2  | Reached skill level 8 in Armour
 31529 | Swamp:2  | Found a blossoming altar of Fedhas.
 31577 | Swamp:2  | Found a runed translucent door.
 31940 | Swamp:3  | Reached XP level 18. HP: 136/148 MP: 0/0
 32646 | Swamp:4  | Entered Level 4 of the Swamp
 33480 | Swamp:4  | Got a decaying rune of Zot
 33804 | D:8      | Acquired a manual of Shields
 33866 | Snake:1  | Entered Level 1 of the Snake Pit
 33912 | Snake:1  | Identified the +0 leather armour of Indomitability {rElec
                  | Int+3}
 34268 | Snake:1  | Reached XP level 19. HP: 157/157 MP: 0/0
 34268 | Snake:1  | Learned a level 6 spell: Iron Shot
 34535 | Snake:2  | Noticed Aizul
 34538 | Snake:2  | Killed Aizul
 34621 | Snake:2  | Reached skill level 15 in Shields
 34755 | Snake:2  | Noticed Nikola
 34994 | Elf:1    | Entered Level 1 of the Elven Halls
 35008 | Elf:1    | Reached skill level 10 in Long Blades
 35058 | Elf:1    | Found the amulet of the Four Winds {rN+ Will+++ Clar}
 35136 | Elf:1    | Noticed Asterion
 35149 | Elf:1    | Killed Asterion
 35322 | Elf:1    | HP: 3/157 [deep elf zephyrmancer/bolt of lightning (19)]
 35700 | Elf:1    | Identified the Grimoire of Calling
 36027 | Elf:2    | Reached skill level 15 in Fighting
 36027 | Elf:2    | Reached skill level 10 in Dodging
 36260 | Elf:2    | Reached XP level 20. HP: 161/167 MP: 0/0
 36450 | Elf:2    | Found a huge runed translucent gate.
 36450 | Elf:2    | Found a huge runed translucent gate.
 36450 | Elf:2    | Found a huge runed translucent gate.
 36450 | Elf:2    | Found a huge runed translucent gate.
 36451 | Elf:2    | Found a huge runed translucent gate.
 37152 | Elf:3    | Entered Level 3 of the Elven Halls
 37188 | Elf:3    | Found Doereant's Assorted Antiques.
 38077 | Elf:3    | Identified the +7 falchion of the Hierophant {venom, rPois
                  | rF+ Dex+2}
 38173 | Elf:3    | Identified the amulet "Nudiof" {Acrobat Fly rElec Regen+
                  | Int-5}
 38183 | Elf:3    | Identified the +5 hand axe of the Briny Deep {antimagic,
                  | Dex+3}
 38216 | Elf:3    | Identified the +6 dire flail "Ceones" {freeze, Dex+4}
 38266 | Elf:3    | Identified the +13 chain mail of Terror {rC+ Regen+ Str+3
                  | Slay+3}
 38266 | Elf:3    | Identified the ring "Yperghar" {Wiz rPois rN+}
 38286 | Elf:3    | Reached XP level 21. HP: 165/177 MP: 0/0
 38286 | Elf:3    | Learned a level 8 spell: Discord
 38428 | Elf:3    | Identified Sif Muna's Guide on the Toxic Birds
 38429 | Elf:3    | Found the +0 staff of Battle
 38668 | Elf:3    | Noticed Saint Roka
 38672 | Elf:3    | Killed Saint Roka
 39051 | Snake:2  | Reached skill level 9 in Armour
 39080 | Snake:2  | Killed Nikola
 39559 | Snake:3  | Reached skill level 10 in Armour
 40358 | Snake:4  | Entered Level 4 of the Snake Pit
 40432 | Snake:4  | Found Raomom's Antique Weapon Boutique.
 40723 | Snake:4  | Reached skill level 11 in Armour
 40934 | Snake:4  | Reached XP level 22. HP: 180/180 MP: 0/0
 41387 | Snake:4  | Got a serpentine rune of Zot
 42434 | Swamp:2  | Killed Odwax's ghost
 42723 | Vaults:1 | Entered Level 1 of the Vaults
 44121 | Vaults:2 | Reached skill level 15 in Dodging
 44509 | Vaults:2 | Reached XP level 23. HP: 172/186 MP: 0/0
 44509 | Vaults:2 | Learned a level 7 spell: Summon Hydra
 44683 | Vaults:2 | Reached skill level 12 in Armour
 44913 | Vaults:2 | Found Melumit's Book Shop.
 45133 | Vaults:2 | Reached skill level 13 in Armour
 45856 | Vaults:3 | Noticed Mara
 45873 | Vaults:3 | Killed Mara
 45874 | Vaults:3 | Reached skill level 14 in Armour
 46007 | Vaults:3 | Noticed Jory
 46011 | Vaults:3 | Killed Jory
 46153 | Vaults:3 | Noticed Donald
 46157 | Vaults:3 | Killed Donald
 46397 | Vaults:3 | Noticed Sojobo
 46410 | Vaults:3 | Killed Sojobo
 46649 | Vaults:3 | Found a staircase to the Crypt.
 46957 | Vaults:3 | Reached XP level 24. HP: 193/197 MP: 0/0
 47008 | Vaults:3 | Reached skill level 15 in Armour
 47657 | Vaults:4 | Found a runed translucent gate.
 47657 | Vaults:4 | Found a runed translucent gate.
 47657 | Vaults:4 | Found a runed translucent gate.
 47659 | Vaults:4 | Identified the +4 ring mail of the Fiddle {Dex+5}
 48438 | Vaults:4 | Found Ajyixuar's Distillery.
 48446 | Vaults:4 | Bought 2 potions of heal wounds for 170 gold pieces
 48446 | Vaults:4 | Bought a potion of curing for 51 gold pieces
 48446 | Vaults:4 | Bought a potion of heal wounds for 85 gold pieces
 48446 | Vaults:4 | Bought 2 potions of resistance for 340 gold pieces
 48477 | Vaults:4 | Reached skill level 16 in Armour
 48605 | Vaults:4 | Noticed Jihiargh's ghost (adept HOFi)
 48620 | Vaults:4 | Identified the +1 pair of boots "Boagg" {Rampage rC- Int-3
                  | Slay+5}
 48639 | Vaults:4 | Killed Jihiargh's ghost
 49143 | Depths:1 | Entered Level 1 of the Depths
 49267 | Depths:1 | Paralysed by a floating eye for 3 turns
 49374 | Depths:1 | Found a gateway to a ziggurat.
 49418 | Depths:1 | Noticed a golden dragon
 49424 | Depths:1 | Killed a golden dragon
 49459 | Depths:1 | Found a gateway to Hell.
 49608 | Depths:1 | Paralysed by a great orb of eyes for 7 turns
 49749 | Depths:1 | Found a hazy altar of Hepliaklqana.
 50243 | Depths:2 | Reached XP level 25. HP: 169/203 MP: 0/0
 50243 | Depths:2 | Learned a level 8 spell: Infestation
 51330 | Depths:2 | Found a one-way gate leading to the halls of Pandemonium.
 51527 | Depths:3 | Found a flickering gateway to a bazaar.
 51538 | Bazaar   | Entered a bazaar
 51546 | Bazaar   | Found Anlot's Armour Boutique.
 51551 | Bazaar   | Found Kinac's Weapon Boutique.
 51551 | Bazaar   | Found Ysufose's General Store.
 51551 | Bazaar   | Found Xiadack's Jewellery Boutique.
 51580 | Bazaar   | Bought a ring "Fyfap Nahocs" {Fly rElec Will+ Int+4 Dex-3}
                  | for 259 gold pieces
 52243 | Depths:3 | Noticed Margery
 52251 | Depths:3 | Killed Margery
 52756 | Depths:4 | Found a bloodstained altar of Trog.
 52968 | Depths:4 | Reached XP level 26. HP: 208/212 MP: 0/0
 52983 | Depths:4 | Found a shadowy altar of Dithmenos.
 53008 | Depths:4 | Gained mutation: You are strong-willed. (Will+) [mutagenic
                  | glow]
 53670 | Depths:5 | Entered Level 5 of the Depths
 54474 | Depths:5 | Found a runed translucent door.
 54511 | Depths:5 | Found a runed translucent door.
 54520 | Depths:5 | Found a runed translucent door.
 54520 | Depths:5 | Found a runed translucent door.
 54562 | Depths:5 | Found a runed translucent door.
 54562 | Depths:5 | Found a runed translucent door.
 54576 | Depths:5 | Found a gate to the Realm of Zot.
 55215 | D:5      | Bought a potion of might for 40 gold pieces
 55215 | D:5      | Bought a potion of heal wounds for 50 gold pieces
 55215 | D:5      | Bought a potion of haste for 100 gold pieces
 55215 | D:5      | Bought a potion of heal wounds for 50 gold pieces
 55215 | D:5      | Bought a potion of brilliance for 40 gold pieces
 55395 | D:12     | Bought a potion of heal wounds for 60 gold pieces
 55395 | D:12     | Bought a potion of curing for 36 gold pieces
 55395 | D:12     | Bought a potion of curing for 36 gold pieces
 55425 | D:12     | Bought a potion of heal wounds for 90 gold pieces
 55425 | D:12     | Bought a potion of mutation for 144 gold pieces
 55425 | D:12     | Bought a potion of ambrosia for 144 gold pieces
 55425 | D:12     | Bought a potion of curing for 54 gold pieces
 55425 | D:12     | Bought a potion of heal wounds for 90 gold pieces
 55425 | D:12     | Bought a potion of heal wounds for 90 gold pieces
 55425 | D:12     | Bought a potion of resistance for 180 gold pieces
 55526 | Orc:2    | Bought a potion of experience for 600 gold pieces
 55526 | Orc:2    | Reached XP level 27. HP: 222/222 MP: 0/0
 55526 | Orc:2    | Learned a level 9 spell: Tornado
 55769 | Vaults:5 | Entered Level 5 of the Vaults
 55822 | Vaults:5 | Noticed Frederick
 55838 | Vaults:5 | Killed Frederick
 56058 | Vaults:5 | Noticed an ancient lich
 56063 | Vaults:5 | Killed an ancient lich
 56238 | Vaults:5 | Identified the +2 ring mail of the Lost Path {rN+ rCorr
                  | Int+2}
 56247 | Vaults:5 | Identified the +0 chain mail of Complete Protection {rF+
                  | Regen+ Dex+2}
 56248 | Vaults:5 | Got a silver rune of Zot
 56262 | Vaults:5 | Identified the +9 hand axe of the Fool {venom, rN+ Int-5
                  | SInv}
 56475 | Vaults:5 | Identified Sif Muna's Papyrus of Enchanting Changing
 57676 | Elf:3    | Bought a scroll of holy word for 217 gold pieces
 57676 | Elf:3    | Bought a scroll of noise for 29 gold pieces
 57676 | Elf:3    | Bought a scroll of teleportation for 87 gold pieces
 58012 | Vaults:4 | Bought a potion of brilliance for 68 gold pieces
 58012 | Vaults:4 | Bought a potion of mutation for 136 gold pieces
 58012 | Vaults:4 | Bought a potion of brilliance for 68 gold pieces
 58012 | Vaults:4 | Bought a potion of ambrosia for 136 gold pieces
 58013 | Vaults:4 | Acquired 1095 gold pieces
 58339 | Zot:1    | Entered Level 1 of the Realm of Zot
 58670 | Zot:1    | Found a shimmering altar of Xom.
 58670 | Zot:1    | Noticed Adaxemni's ghost (legendary GrFi)
 58671 | Zot:1    | Found a runed translucent door.
 59287 | Zot:2    | Identified the +5 whip of Ambiguity {venom, Dex+4}
 59542 | Zot:2    | Reached skill level 17 in Armour
 59942 | Zot:2    | Reached skill level 15 in Long Blades
 59961 | Zot:2    | Identified the +9 hunting sling of Compound Interest
                  | {flame, rF+ Int+6 Dex+4}
 60683 | Zot:3    | Found a transporter.
 60688 | Zot:3    | Noticed Tenozav's ghost (legendary MiFi)
 60688 | Zot:3    | Noticed Ufemuhich's ghost (legendary MiBe)
 60690 | Zot:3    | Noticed an orb of fire
 60691 | Zot:3    | Noticed an orb of fire
 60695 | Zot:3    | Found a transporter.
 61438 | Zot:4    | Found a transporter.
 61510 | Zot:4    | Found a transporter.
 61516 | Zot:4    | Noticed Ufemuhich's ghost (legendary MiBe)
 61517 | Zot:4    | Identified the ring "Anagois" {Fire rPois Will+}
 61533 | Zot:4    | Reached skill level 18 in Armour
 61665 | Zot:4    | Noticed a Killer Klown
 61665 | Zot:4    | Noticed a Killer Klown
 61694 | Zot:4    | Killed a Killer Klown
 61706 | Zot:4    | Killed a Killer Klown
 61920 | Zot:5    | Entered Level 5 of the Realm of Zot
 61935 | Zot:5    | Reached skill level 19 in Armour
 62085 | Zot:5    | Noticed an orb of fire
 62189 | Zot:5    | Noticed an orb of fire
 62200 | Zot:5    | Killed an orb of fire
 62201 | Zot:5    | Reached skill level 20 in Armour
 62458 | Zot:5    | Noticed a Killer Klown
 62466 | Zot:5    | Killed a Killer Klown
 62483 | Zot:5    | Noticed an ancient lich
 62484 | Zot:5    | Noticed a dread lich
 62503 | Zot:5    | Killed an ancient lich
 62589 | Zot:5    | Killed a dread lich
 62592 | Zot:5    | Noticed an orb of fire
 62599 | Zot:5    | Killed an orb of fire
 62600 | Zot:5    | Reached skill level 21 in Armour
 62684 | Zot:5    | Noticed an orb of fire
 62687 | Zot:5    | Gained mutation: You are weak. (Str -2) [an orb of fire]
 62693 | Zot:5    | Killed an orb of fire
 62758 | Zot:5    | Noticed a Killer Klown
 62774 | Zot:5    | Killed a Killer Klown
 62821 | Zot:5    | Noticed an ancient lich
 62844 | Zot:5    | Killed an ancient lich
 62913 | Zot:5    | Noticed a Killer Klown
 62947 | Zot:5    | Killed a Killer Klown
 62948 | Zot:5    | Reached skill level 22 in Armour
 63046 | Zot:5    | Noticed an orb of fire
 63075 | Zot:5    | Noticed a Killer Klown
 63096 | Zot:5    | Killed a Killer Klown
 63179 | Zot:5    | Noticed an orb of fire
 63198 | Zot:5    | Noticed an orb of fire
 63218 | Zot:5    | Noticed a Killer Klown
 63231 | Zot:5    | Killed a Killer Klown
 63275 | Zot:5    | Killed an orb of fire
 63346 | Zot:5    | Killed an orb of fire
 63429 | Zot:5    | Gained mutation: You occasionally shout uncontrollably at
                  | your foes. [an orb of fire]
 63433 | Zot:5    | Killed an orb of fire
 63434 | Zot:5    | Reached skill level 23 in Armour
 64172 | Zot:5    | Got the Orb of Zot
 64212 | Zot:5    | Noticed Jesket the pandemonium lord
 64216 | Zot:5    | Killed Jesket the pandemonium lord
 64357 | Depths:5 | Reached skill level 24 in Armour
 64384 | Depths:4 | Noticed Intimept the pandemonium lord
 64777 | D:1      | Woot!
 64778 | D:$      | Escaped with the Orb!

Illustrated notes

...÷...#..##..#
######.##....##
........#...##
#######>#..{#
....#...#...#########
..#.....#.....#######
#.####.####.....#####
........####....#####
..#.#########...@####
..#....######....####
..#.....###......####
#.####.........######
#.####.......########
#.####......######
#.####..##..#####
#.####..##..### ..#
#......#


Turn 64777 on D:1: Woot!

Levels and vault maps discovered:
D:1:      amcnicky_arrival_wind_blow, layout_basic
D:2:      layout_loops_cross
D:3:      layout_rooms, serial_rivers, chequers_serial_rivers_micro_e,
          chequers_serial_rivers_marsh, chequers_serial_rivers_micro_c,
          chequers_serial_rivers_large_b, chequers_serial_rivers_room_a,
          chequers_serial_rivers_room_a, ebering_ghost_sewer_f,
          basic_ecumenical_altar, grunt_ministairs_5, small_statue_intersection,
          uniq_crazy_yiuf_cottage
D:4:      layout_cave_pools, lemuel_zombie_altar_kikubaaqudgha, minmay_cut_off
D:5:      layout_basic, serial_shops, nicolae_shop_waterfront
D:6:      lemuel_ratsnest, layout_cave_pools, minmay_temple_entry_waves,
          gammafunk_ghost_abyssal_escape, serial_bayou, serial_bayou_pond_c,
          serial_bayou_ford_a, serial_bayou_pond_a, serial_bayou_crossing
D:7:      layout_rooms, old_standard_altar, yredelemnul_forgotten_temple_becter,
          kennysheep_mini_moat, grunt_decor_mini_mirrors
D:8:      layout_basic, general_overflow_altar, dpeg_oklobed_lair, uniq_joseph,
          uniq_erica, uniq_prince_ribbit1, uniq_harold
D:9:      layout_roguey, evilmike_ruin_ashenzari, kennysheep_small_circle
D:10:     layout_rooms, led_sif_pool, lemuel_coloured_pillars_altar,
          chequers_temple_overflow_statue_of_worship, serial_shops, shop,
          ebering_ghost_xom, minivault_1
D:11:     layout_irregular_city, uniq_nergalle
D:12:     layout_roguey, orc_0_dummy, serial_shops, shop,
          nicolae_shop_behind_doors, shop, nicolae_shop_stone, shop
D:13:     cheibrodos_shockbox, layout_irregular_city, serial_shops,
          bzr_entry_water, amcnicky_mini_rare_corridor_liquid
D:14:     layout_stronghold, hangedman_vaults_entry_quadrant_bands,
          uniq_frances, uniq_snorg
D:15:     hangedman_depths_entry_civil_slaughter, layout_cave_pools,
          serial_bayou_shore_a, hangedman_cracks_in_the_wall, uniq_agnes
Temple:   minmay_temple_curvy_loop
Lair:1:   layout_layer_cave, special_room [special_room_bee],
          portal_ice_cave_demonic_guard, lemuel_fruit_fields
Lair:2:   layout_gridlike, nicolae_swamp_entry_splash_gauntlet,
          minmay_snake_entry_guardpost_large, basic_altar,
          gauntlet_entry_generic, ebering_ghost_inner_flame
Lair:3:   layout_hall_layers, basic_altar, grunt_megastairs_1
Lair:4:   layout_cellular_growth, chequers_serial_rivers_small_b,
          serial_bayou_shore_b, infiniplex_staircase_pool, grunt_megastairs_4
Lair:5:   layout_small_grid, cheibrodos_lair_lostbears
Lair:6:   minmay_lair_end_frog_pond, layout_regular_city,
          minmay_slime_entry_jelly_boxes, chequers_serial_rivers_marsh,
          minmay_stone_trees_small, uniq_sonja, uniq_kirke
Swamp:1:  layout_basic_swamp, evilmike_swamp_ruin_house_5, swamp_pool4
Swamp:2:  layout_basic_swamp, ebering_ghost_reflecting_pool,
          evilmike_swamp_ruin_house_2, nicolae_swamp_godswood, swamp_pool3,
          infiniplex_staircase_pool_2
Swamp:3:  layout_falls_marsh, evilmike_swamp_ruin_house_6, swamp_pool4
Swamp:4:  swamp_fiery, layout_basic_swamp, swamp_pool1
Snake:1:  nicolae_snake_hallway, layout_misc_corridors
Snake:2:  layout_rooms, uniq_nikola, uniq_aizul
Snake:3:  layout_basic
Snake:4:  snake_hunt, layout_chambers, serial_shops, shop_statue,
          grunt_ministairs_2
Orc:1:    layout_caves, nicolae_orc_sculptors_studio
Orc:2:    st_orc_pillars, layout_diamond_mine, minmay_orc_temple_a, uniq_urug
Elf:1:    eino_elf_arrival_customs, layout_rooms, minmay_elf_demonology,
          lemuel_upstairs_altar, uniq_asterion
Elf:2:    layout_onion_city, basic_altar
Elf:3:    minmay_elf_hall_curves, layout_loops_corners, serial_shops,
          nicolae_shop_overgrown_old_shop, basic_altar, uniq_saint_roka
Vaults:1: vaults_room_boxed, nicolae_vaults_alarming, ontoclasm_vaults_spin,
          nicolae_vaults_theta, hangedman_vaults_stream, nicolae_vaults_big_ls,
          nicolae_vaults_three_branches, nicolae_vaults_little_squares_3,
          st_lines, hangedman_vaults_stretched_pinwheel, ontoclasm_vaults_idyll,
          v_misc_25, layout_vaults_omnicross
Vaults:2: vaults_room_ringed_pool, vaults_dpeg_doors, hangedman_vaults_stitches,
          nicolae_vaults_little_squares_3, v_pattern_2, grunt_vaults_diagonal,
          grunt_vaults_focal, layout_vaults_chaotic_city, serial_shops, shop
Vaults:3: ontoclasm_vaults_eye, vaults_dpeg_ring, nicolae_vaults_rhombus_6,
          minmay_crypt_entry_nasty_monster, v_misc_2, nicolae_vaults_what_the_h,
          nicolae_vaults_bisected_slash, sword_in_stone, vaults_mumra_hex,
          ontoclasm_vaults_gateway, layout_vaults_omnigrid, uniq_mara,
          uniq_jory, uniq_donald
Vaults:4: biasface_vaults_ghost_orc_armoury, nicolae_vaults_diagonal_hallway_8,
          vaults_room_octagon, v_misc_23, v_misc_18, hangedman_vaults_stagger,
          vaults_room_semicircle, ontoclasm_vaults_ring_square, v_pattern_5,
          nicolae_vaults_diagonal_hallway_7, dpeg_vaults_monster_row, v_misc_9,
          nicolae_vaults_little_squares_4, layout_vaults_ring, serial_shops,
          nicolae_shop_stone
Vaults:5: serial_shops, uniq_frederick
Depths:1: layout_long_grid, enter_ziggurat_a, kennysheep_decorative_pillar,
          hangedman_coc_ice_floe, nicolae_hepliaklqana_hippocampus
Depths:2: kb_forest_paths, layout_gridlike, grunt_hell_entry_dis_mu,
          rand_demon_pan_entry_9, kennysheep_donut
Depths:3: grunt_deathspiral_small, layout_basic, nicolae_two_hexagons,
          hangedman_abyss_entry_splay, serial_shops, bzr_in_the_mist,
          rand_demon_pan_entry_5, hell_entry, uniq_margery
Depths:4: kennysheep_ambush_hall, layout_cave_shapes, grunt_metal_band,
          abyss_entry, grunt_pan_entry_in_and_out,
          nicolae_dithmenos_shadow_blocks, bloody_trog
Depths:5: evilmike_zot_entry_castle, layout_basic, hangedman_decor_growths,
          hell_entry
Zot:1:    layout_gridville, ebering_ghost_xom
Zot:2:    layout_concentric_octagons, st_small_dragon_hoard_3,
          grunt_megastairs_3
Zot:3:    layout_gridlike, nzn_ghost_randoct
Zot:4:    grunt_zot_stairs_faceoff, layout_basic,
          gammafunk_ghost_berserking_beasts
Zot:5:    layout_cathedral_of_symmetry, st_stairs_3, nrook_zot_tub

Skill      XL: |  1  2  3  4  5  6  7  8  9 10 11 12 13 14 15 16 17 18 19 20 21 22 23 24 25 26 27 |
---------------+----------------------------------------------------------------------------------+-----
Spellcasting   | 3 4 5 6 8 10 11 12 13 14 15 17 18 19 20 | 20.6
Fighting       | 1 2 3 4 5 6 7 8 9 10 11 12 13 15 17 18 19 | 19.8
Shields        | 1 2 4 6 8 9 10 11 13 14 16 17 18 19 22 | 22.1
Dodging        | 3 5 6 8 9 10 11 12 15 | 15.3
Armour         | 6 7 8 11 14 16 24 | 24.1
Long Blades    | 2 4 5 7 9 10 11 13 14 15 | 15.4
Stealth        | 3 4 |  4.2

Action                   |  1- 3 |  4- 6 |  7- 9 | 10-12 | 13-15 | 16-18 | 19-21 | 22-24 | 25-27 || total
-------------------------+-------+-------+-------+-------+-------+-------+-------+-------+-------++-------
Melee: Spear             |       |       |     6 |    13 |     2 |       |       |       |       ||    21
       Long sword        |       |       |       |       |    39 |    43 |     8 |    11 |    30 ||   131
 Cast: Shock             |    87 |   149 |   118 |    15 |     9 |    18 |       |       |     2 ||   398
       Freeze            |       |    24 |     1 |       |       |       |       |       |       ||    25
       Static Discharge  |       |       |     6 |       |     9 |     6 |     3 |       |       ||    24
       Swiftness         |       |       |     1 |     1 |       |       |       |       |       ||     2
       Airstrike         |       |       |    84 |   205 |    97 |    86 |       |     1 |   187 ||   660
       Lightning Bolt    |       |       |       |    31 |    94 |    63 |   110 |   104 |    17 ||   419
       Call Canine Famil |       |       |       |     2 |    30 |     9 |       |       |       ||    41
       Bolt of Magma     |       |       |       |     9 |    44 |   138 |    19 |    40 |    29 ||   279
       Borgnjor's Vile C |       |       |       |       |   206 |   304 |   301 |   256 |   390 ||  1457
       Animate Armour    |       |       |       |       |    30 |    11 |     1 |       |       ||    42
       Invisibility      |       |       |       |       |     2 |    10 |     1 |     7 |     9 ||    29
       Conjure Ball Ligh |       |       |       |       |       |     1 |     5 |     9 |     5 ||    20
       Iron Shot         |       |       |       |       |       |       |   126 |   182 |   386 ||   694
       Discord           |       |       |       |       |       |       |     1 |    22 |    28 ||    51
       Summon Hydra      |       |       |       |       |       |       |       |     1 |     4 ||     5
       Infestation       |       |       |       |       |       |       |       |       |   152 ||   152
       Tornado           |       |       |       |       |       |       |       |       |    19 ||    19
Invok: Curse Item        |       |       |       |     3 |     5 |     2 |       |     1 |     3 ||    14
       Shatter the Chain |       |       |       |       |       |     2 |     2 |       |     1 ||     5
Evoke: Wand              |       |       |       |       |       |       |       |       |     2 ||     2
  Use: Scroll            |       |       |       |    11 |     1 |     2 |     1 |       |    19 ||    34
       Potion            |       |       |       |       |       |       |     1 |       |     2 ||     3
 Stab: Invisible         |       |       |       |       |       |     1 |     2 |       |       ||     3
Armor: Robe              |     3 |     5 |     5 |     6 |     3 |       |       |       |       ||    22
       Chain mail        |       |       |       |       |    20 |    95 |    48 |    50 |    80 ||   293
Dodge: Dodged            |    14 |    17 |     8 |    23 |    46 |    67 |    55 |    90 |   127 ||   447
Block: Buckler           |     5 |     9 |    17 |    12 |       |       |       |       |       ||    43
       Kite shield       |       |       |       |    26 |    60 |    90 |    90 |    99 |    30 ||   395
       Tower shield      |       |       |       |       |       |       |       |       |    98 ||    98
       Rpst.: Long sword |       |       |       |       |     5 |    12 |     7 |     6 |    12 ||    42

Table legend: (Time is in decaauts)
 A = Elapsed time spent in this place.
 B = Non-inter-level travel time spent in this place.
 C = Inter-level travel time spent in this place.
 D = Time resting spent in this place.
 E = Time spent auto-exploring this place.
 F = Levels seen in this place.
 G = Mean time per level.
                   A        B        C        D        E       F      G
               +--------+--------+--------+--------+--------+-----+--------+
         Total |  65003 |  54778 |  10225 |   6579 |  29749 |  54 | 1203.8 |
       Dungeon |  23152 |  18476 |   4676 |   3224 |  11607 |  15 | 1543.5 |
        Temple |    285 |    263 |     22 |      0 |    262 |   1 |  285.0 |
          Lair |   8186 |   6746 |   1440 |    948 |   4009 |   6 | 1364.3 |
         Swamp |   3035 |   2686 |    349 |    436 |   1430 |   4 |  758.8 |
     Snake Pit |   3825 |   3492 |    333 |    143 |   1985 |   4 |  956.2 |
  Orcish Mines |   1778 |   1355 |    423 |     63 |    606 |   2 |  889.0 |
   Elven Halls |   4121 |   3497 |    624 |    225 |   1318 |   3 | 1373.7 |
        Vaults |   7881 |   6852 |   1029 |    768 |   3637 |   5 | 1576.2 |
        Depths |   6150 |   5277 |    873 |    388 |   2568 |   5 | 1230.0 |
           Zot |   6003 |   5548 |    455 |    374 |   2229 |   5 | 1200.6 |
         Abyss |     59 |     59 |      0 |      0 |      0 |   1 |   59.0 |
        Bazaar |    167 |    167 |      0 |      0 |     98 |   2 |   83.5 |
      Gauntlet |    354 |    354 |      0 |     10 |      0 |   1 |  354.0 |
               +--------+--------+--------+--------+--------+-----+--------+

Top non-repeatable levels by time:
     D:6: 2713 daAuts
     D:1: 2647 daAuts
     D:8: 2572 daAuts
  Lair:1: 2495 daAuts
   Zot:5: 2134 daAuts
Vaults:3: 1879 daAuts
     D:3: 1749 daAuts
  Lair:2: 1708 daAuts
   Elf:3: 1626 daAuts
Vaults:1: 1550 daAuts
Vaults:2: 1550 daAuts
    D:14: 1543 daAuts
Vaults:4: 1489 daAuts
 Snake:4: 1484 daAuts
     D:4: 1480 daAuts
